 Dungeon Crawl Stone Soup version 0.21.0-22-g11d5b52 (webtiles) character file.

2872 Mgcat the Severer (level 9, 0/70 HPs)
             Began as a Hill Orc Fighter on Jan 18, 2018.
             Was a Believer of Beogh.
             Slain by a hornet (4 damage)
             ... while paralysed by a hornet
             ... on level 8 of the Dungeon.
             The game lasted 00:18:43 (8017 turns).

Mgcat the Severer (Hill Orc Fighter)                Turns: 8017, Time: 00:18:44

Health: 0/70       AC: 11    Str: 20    XL:     9   Next: 76%
Magic:  9/9        EV:  2    Int:  8    God:    Beogh [**....]
Gold:   586        SH:  0    Dex: 14    Spells: 8/8 levels left

rFire    . . .     SeeInvis .   y - +3 dagger of Honour {pierce, rC+ Stlth+} (curse)
rCold    + . .     Gourm    .   c - +1 shield
rNeg     . . .     Faith    .   s - +1 scale mail of Dim Light {MR+ Dex+2}
rPois    .         Spirit   .   (no helmet)
rElec    .         Reflect  .   (no cloak)
rCorr    .         Harm     .   (no gloves)
MR       +....                  (no boots)
Stlth    +.........             (no amulet)
HPRegen  0.21/turn              o - +6 ring of protection
MPRegen  0.11/turn              C - -2 ring of protection (curse)

@: paralysed, lethally poisoned (0 -> -3), slowed
A: no striking features
a: Smiting, Renounce Religion


You were on level 8 of the Dungeon.
You worshipped Beogh.
Beogh was pleased with you.
You were not hungry.

You visited 1 branch of the dungeon, and saw 8 of its levels.
You also visited: Ossuary.

You collected 586 gold pieces.

Inventory:

Hand Weapons
 a - a +0 war axe
 l - the +6 whip "Deweidd" {chaos, rN+}
   (You found it on level 5 of the Dungeon)

   Each time it hits an enemy it has a different, random effect.
   It protects you from negative energy.
 q - a +2 flail of crushing
 y - the cursed +3 dagger of Honour (weapon) {pierce, rC+ Stlth+}
   (You found it on level 7 of the Dungeon)

   It inflicts extra damage upon your enemies.
   It protects you from cold.
   It makes you more stealthy.
   It has a curse placed upon it.
Armour
 b - a +0 scale mail
 c - a +1 shield (worn)
 s - the +1 scale mail of Dim Light (worn) {MR+ Dex+2}
   (You took it off a goblin on level 4 of the Dungeon)

   It affects your dexterity (+2).
   It affects your resistance to hostile enchantments.
 v - a +0 leather armour
Jewellery
 o - a +6 ring of protection (left hand)
 r - an uncursed ring of resist corrosion
 C - a cursed -2 ring of protection (right hand)
Wands
 j - a wand of digging (24)
 p - a wand of disintegration (15)
 t - a wand of iceblast (7)
Scrolls
 h - 2 scrolls of teleportation
 i - a scroll of blinking
 n - 11 scrolls of identify
 w - a scroll of enchant armour
Potions
 d - 5 potions of curing
 g - 2 potions of berserk rage {unknown}
 k - a potion of haste {unknown}
 m - a potion of ambrosia {unknown}
 u - 3 potions of mutation {unknown}
 x - 2 potions of flight {unknown}
 z - a potion of heal wounds {unknown}
Books
 B - a Necronomicon

   Spells                             Type                      Level
   a - Haunt                          Necromancy/Summoning         7
   b - Borgnjor's Revivification      Necromancy                   8
   c - Death's Door                   Charms/Necromancy            8
   d - Infestation                    Necromancy                   8
   e - Necromutation                  Transmutation/Necromancy     8
Comestibles
 f - 18 rations


   Skills:
 - Level 3.6 Fighting
 - Level 15.3(15.6) Axes
 + Level 4.4(9.8) Maces & Flails
 - Level 3.2 Armour
 - Level 3.2 Shields


You had 8 spell levels left.
You didn't know any spells.

Dungeon Overview and Level Annotations

Branches:
Dungeon (8/15)             Temple (0/1) D:4
   Lair: D:8-11

Altars:
Ru
The Shining One

Shops:
D:6 *[}

Annotations:
D:2 1 runed door
D:4 Blork the orc


Message History

The hornet is lightly wounded.
You feel yourself speed up.
The hornet stings you but does no damage.
The hornet stings you.
You feel yourself slow down.
You barely miss the hornet.
The hornet is lightly wounded.
You feel yourself speed up. The hornet stings you.
* * * LOW HITPOINT WARNING * * *
You are poisoned.
You suddenly lose the ability to move!
The hornet stings you.
* * * LOW HITPOINT WARNING * * *
You feel yourself slow down. The hornet stings you!
* * * LOW HITPOINT WARNING * * *
You feel as though you will be slow longer.
* * * LOW HITPOINT WARNING * * *
You feel sick.
The hornet stings you but does no damage.
The hornet stings you.
You die...

. .. . #.###
#?#.#.. .
#.#.#.#####..
............
#..........
#..........
#y# #@# #.#
... ...(.
######. .# #


You could see a hornet.

Vanquished Creatures
  Sigmund (D:4)
  A soldier ant (shapeshifter) (D:6)
  Duvessa (D:4)
  2 phantoms
  5 ogres
  An orc warrior (D:7)
  2 centaurs (D:6)
  An elf zombie (Ossuary)
  2 bullfrogs
  2 big kobolds (D:6)
  A gnoll sergeant (D:6)
  Dowan (D:4)
  2 crimson imps
  2 centaur zombies
  4 orc priests
  5 hounds
  2 jellies
  3 orc wizards
  A centaur skeleton (D:7)
  2 iguanas (D:6)
  Natasha (twice) (D:2)
  6 worker ants
  A big kobold zombie (Ossuary)
  3 hound zombies (Ossuary)
  2 hound skeletons (D:6)
  5 mummies
  6 gnolls (D:6)
  5 adders
  2 adder zombies (Ossuary)
  2 adder skeletons
  6 worms
  3 dart slugs
  8 leopard geckos
  14 orcs
  8 bats
  6 giant cockroaches
  16 goblins
  7 hobgoblins
  8 jackals
  14 kobolds
  A quokka (D:4)
  4 ball pythons
  4 frilled lizards
  3 goblin zombies (Ossuary)
  2 kobold zombies (Ossuary)
  2 rats (D:1)
  A plant (D:6)
182 creatures vanquished.

Vanquished Creatures (others)
  A crimson imp (D:5)
  An orc priest (D:4)
  4 orcs (D:4)
  A quokka (D:7)
  A plant (D:6)
8 creatures vanquished.

Grand Total: 190 creatures vanquished

Notes
Turn   | Place    | Note
-------+----------+-------------------------------------------
     0 | D:1      | Mgcat the Hill Orc Fighter began the quest for the Orb.
     0 | D:1      | Reached XP level 1. HP: 19/19 MP: 1/1
    63 | D:1      | Reached skill level 3 in Axes
   294 | D:1      | Reached XP level 2. HP: 26/26 MP: 2/2
   337 | D:1      | Reached skill level 4 in Axes
   661 | D:1      | Reached XP level 3. HP: 31/31 MP: 3/3
  1106 | D:2      | Reached skill level 5 in Axes
  1530 | D:2      | Noticed Natasha
  1530 | D:2      | Reached XP level 4. HP: 39/39 MP: 4/4
  1541 | D:2      | Killed Natasha
  1541 | D:2      | Reached skill level 6 in Axes
  1987 | D:2      | Noticed Natasha
  2035 | D:2      | Killed Natasha
  2035 | D:2      | Reached XP level 5. HP: 16/45 MP: 5/5
  2332 | D:2      | Found a runed door.
  2530 | D:3      | Reached skill level 7 in Axes
  2563 | D:3      | Found a sacrificial altar of Ru.
  2772 | D:3      | Found a glowing golden altar of the Shining One.
  3038 | D:4      | Found a staircase to the Ecumenical Temple.
  3052 | D:4      | Became a worshipper of Beogh the Brigand
  3054 | D:4      | Noticed Duvessa
  3068 | D:4      | Killed Duvessa
  3068 | D:4      | Reached skill level 8 in Axes
  3068 | D:4      | Reached XP level 6. HP: 47/51 MP: 6/6
  3069 | D:4      | Noticed Dowan
  3107 | D:4      | Killed Dowan
  3338 | D:4      | Noticed a phantom
  3339 | D:4      | Found a sand-covered staircase.
  3345 | Ossuary  | Entered an ossuary
  3363 | Ossuary  | Reached skill level 9 in Axes
  3377 | Ossuary  | Reached XP level 7. HP: 24/57 MP: 7/7
  3786 | Ossuary  | Reached * piety under Beogh
  3858 | Ossuary  | Reached skill level 10 in Axes
  4346 | D:4      | Reached skill level 11 in Axes
  4360 | D:4      | Got a heavily runed scale mail
  4371 | D:4      | Identified the +1 scale mail of Dim Light {MR+ Dex+2} (You took it off a goblin on level 4 of the Dungeon)
  4559 | D:4      | Noticed Sigmund
  4571 | D:4      | Noticed Blork the orc
  4580 | D:4      | Killed Sigmund
  4580 | D:4      | Reached XP level 8. HP: 54/64 MP: 8/8
  4611 | D:5      | Entered Level 5 of the Dungeon
  4614 | D:5      | Reached skill level 12 in Axes
  4836 | D:5      | Got a faintly glowing whip
  4837 | D:5      | Identified the +6 whip "Deweidd" {chaos, rN+} (You found it on level 5 of the Dungeon)
  5406 | D:6      | Reached skill level 13 in Axes
  5527 | D:6      | Found Genicy's Gadget Emporium.
  5629 | D:6      | Found Wentysk's Armour Shop.
  5761 | D:6      | Reached ** piety under Beogh
  6045 | D:6      | Reached skill level 14 in Axes
  6045 | D:6      | Reached XP level 9. HP: 48/70 MP: 9/9
  6457 | D:6      | Reached skill level 15 in Axes
  6992 | D:6      | Found Tyibb's Assorted Antiques.
  7096 | D:7      | Reached skill level 1 in Maces & Flails
  7796 | D:7      | Got a warped dagger
  7797 | D:7      | Identified the cursed +3 dagger of Honour {pierce, rC+ Stlth+} (You found it on level 7 of the Dungeon)
  7985 | D:7      | Noticed a hornet
  8016 | D:8      | Paralysed by a hornet for 2 turns
  8017 | D:8      | Slain by a hornet

Skill      XL: |  1  2  3  4  5  6  7  8  9 |
---------------+----------------------------+-----
Axes           | 3 4 5 6 8 9 11 14 15 | 15.3
Maces & Flails | 4 |  4.4
Fighting       | |  3.6
Armour         | |  3.2
Shields        | |  3.2

Action                   |  1- 3 |  4- 6 |  7- 9 || total
-------------------------+-------+-------+-------++-------
Melee: War axe           |    53 |       |       ||    53
       Mace              |    64 |   177 |    80 ||   321
       Flail             |       |       |    84 ||    84
       Whip              |       |       |   326 ||   326
       Dagger            |       |       |    24 ||    24
Invok: Convert to Beogh  |       |     1 |       ||     1
  Use: Scroll            |       |     6 |     5 ||    11
       Potion            |       |     3 |     5 ||     8
 Stab: Paralysed         |       |       |     6 ||     6
  Eat: Chunk             |     2 |     5 |    10 ||    17
       Ration            |       |     1 |     1 ||     2
Armor: Scale mail        |    55 |   108 |   198 ||   361
       Skin              |       |    16 |       ||    16
Dodge: Dodged            |    43 |    72 |   110 ||   225
Block: Shield            |    69 |   102 |   233 ||   404
